 Dungeon Crawl Stone Soup version 0.24-a0-584-g9d6b971ae4 (webtiles) character file.

Game seed: 10608016828107943532, levelgen mode: deterministic

7 Mithandil the Skirmisher (level 1, 0/18 HPs)
             Began as a Demonspawn Abyssal Knight on Sept 3, 2019.
             Was a Follower of Lugonu.
             Slain by an adder (2 damage)
             ... on level 2 of the Dungeon.
             The game lasted 00:02:05 (216 turns).

Mithandil the Skirmisher (Demonspawn Abyssal Knight) Turns: 216, Time: 00:02:06

Health: 0/18       AC:  3    Str: 12    XL:     1   Next: 83%
Magic:  2/2        EV:  8    Int: 13    God:    Lugonu [*.....]
Gold:   92         SH:  6    Dex: 12    Spells: 0/0 levels left

rFire    . . .     SeeInvis .   a - +1 falchion
rCold    . . .     Gourm    .   e - +0 shield
rNeg     . . .     Faith    .   b - +0 leather armour
rPois    .         Spirit   .   (no helmet)
rElec    .         Reflect  .   (no cloak)
rCorr    .         Harm     .   (no gloves)
MR       .....                  (no boots)
Stlth    +.........             (no amulet)
HPRegen  0.06/turn              (no ring)
MPRegen  0.08/turn              (no ring)

@: no status effects
A: no striking features
a: Depart the Abyss, Renounce Religion


You were on level 2 of the Dungeon.
You worshipped Lugonu.
Lugonu was aware of your devotion.
You were not hungry.

You visited 1 branch of the dungeon, and saw 2 of its levels.
You visited the Abyss 1 time.

You collected 92 gold pieces.

Inventory:

Hand Weapons
 a - a +1 falchion (weapon)
Missiles
 d - 12 stones (quivered)
Armour
 b - a +0 leather armour (worn)
 e - a +0 shield (worn)
 k - a +0 pair of gloves
Jewellery
 i - an uncursed ring of magical power {unknown}
Scrolls
 h - 3 scrolls of identify {unknown}
 j - a scroll of amnesia {unknown}
 l - a scroll of remove curse {unknown}
Potions
 g - a potion of might {unknown}
Comestibles
 c - 2 rations
 f - 2 chunks of flesh


   Skills:
 + Level 3.0 Fighting
 * Level 1.9 Long Blades
 + Level 1.8 Armour
 + Level 1.0 Dodging
 + Level 0.2 Stealth
 * Level 0.3 Shields
 + Level 2.5 Invocations


You couldn't memorise any spells.
You didn't know any spells.
Your spell library was empty.

Dungeon Overview and Level Annotations

Branches:
Dungeon (2/15)

Altars:


Message History

The adder bites you. The kobold hits you. You block the adder's attack.
You hit the kobold but do no damage.
The kobold is moderately wounded.
You block the adder's attack. The kobold closely misses you.
The adder barely misses you.
You riposte.
You hit the adder.
The adder is heavily wounded.
You hit the kobold.
You kill the kobold!
Lugonu accepts your kill. The adder bites you but does no damage.
You barely miss the adder.
The adder is heavily wounded.
The adder bites you.
* * * LOW HITPOINT WARNING * * *
The adder bites you.
* * * LOW HITPOINT WARNING * * *
You miss the adder.
The adder is heavily wounded.
The adder bites you.
You die...

... .# #.# #.#
##.###########..##K
###..................
#.(...............# #
................#####.#
.#..÷........(........#
.#..............†.....#
................@†....#
.................S......
........................
......................##
....#...##.........(..#
.....#..###..######..##
........# #.. .##
......#..##.# ..
......##..


You could see an adder.

Vanquished Creatures
  A giant cockroach (D:1)
  A goblin (D:2)
  2 kobolds (D:2)
  A frilled lizard (D:1)
  2 rats
7 creatures vanquished.

Notes
Turn   | Place    | Note
-------+----------+-------------------------------------------
     0 | Abyss:1  | Mithandil the Demonspawn Abyssal Knight began the quest for
                  | the Orb.
     0 | Abyss:1  | Reached XP level 1. HP: 18/18 MP: 2/2
    42 | D:1      | Escaped the Abyss
   208 | D:2      | Reached skill level 1 in Dodging
   216 | D:2      | Slain by an adder

Levels and vault maps discovered:
D:1:      lightli_arrival_statuegarden, layout_basic
D:2:      layout_rooms

Skill      XL: |  1 |
---------------+----+-----
Dodging        | 1 |  1.0
Fighting       | |  3.0
Long Blades    | |  1.9
Armour         | |  1.8
Stealth        | |  0.2
Shields        | |  0.3
Invocations    | |  2.5

Action                   || total
-------------------------++-------
Melee: Falchion          ||    24
  Use: Potion            ||     1
Armor: Leather armour    ||     5
Dodge: Dodged            ||    14
Block: Shield            ||    10
       Rpst.: Falchion   ||     3

Table legend:
 A = Non-vault XP
 B = Vault XP
 C = Vault XP percentage of total XP
 D = Non-vault monster count
 E = Vault monster count
 F = Vault count percentage of total count
                 A         B        C        D         E       F
            +---------+---------+-------+---------+---------+-------
      Total |      10 |       0 |   0.0 |       7 |       0 |   0.0
            +---------+---------+-------+---------+---------+-------
        D:1 |       4 |       0 |   0.0 |       3 |       0 |   0.0
        D:2 |       6 |       0 |   0.0 |       4 |       0 |   0.0
            +---------+---------+-------+---------+---------+-------
